 Dungeon Crawl Stone Soup version 0.15.0-25-gd84c1e8 (webtiles) character file.

124135 MackTheKnife the Destroyer (level 16, -5/100 HPs)
             Began as a Tengu Fire Elementalist on Sept 9, 2014.
             Was the Champion of Vehumet.
             Slain by a black mamba (9 damage)
             ... on Level 2 of the Snake Pit.
             The game lasted 02:45:04 (42984 turns).

MackTheKnife the Destroyer (TeFE)                  Turns: 42984, Time: 02:45:04

HP  -5/100       AC 16     Str 12      XL: 16   Next: 92%
MP   5/36        EV 19     Int 21      God: Vehumet [******]
Gold 930         SH  0     Dex 16      Spells:  8 memorised,  8 levels left

rFire  + . .     SeeInvis +     a - +6 glaive of the Hall of Blades {flame, rElec rF+}
rCold  + . .     Clarity  +     s - +4 mottled dragon armour
rNeg   . . .     rCorr    .     (no shield)
rPois  x         rRot     .     p - +1 hat {SInv}
rElec  +         Spirit   .     I - +0 cloak
SustAb +         Warding  .     x - +0 pair of gloves
rMut   .         Stasis   .     (boots unavailable)
Gourm  .                        u - amulet of clarity
MR     +....                    P - ring of the Octopus King {SustAb AC+1 EV+1 Str+1 Dex+1 Int+1}
                                v - ring of protection from cold

@: lethally poisoned, about to teleport, poison vulnerable, flying quickly and
evasively, constricted, quick, somewhat resistant to hostile enchantments,
unstealthy
A: able to fly continuously, beak, talons 3, blurry vision 1
a: Stop Flying, Renounce Religion


You were on level 2 of the Snake Pit.
You worshipped Vehumet.
Vehumet was exalted by your worship.
You were not hungry.

You visited 5 branches of the dungeon, and saw 30 of its levels.
You also visited: Ice Cave.

You collected 2719 gold pieces.
You spent 1789 gold pieces at shops.


Innate Abilities, Weirdness & Mutations

You can fly continuously.
You have a beak for a mouth.
You have claws for feet.
Your vision is a little blurry.


   Skills:
 - Level 11.2 Fighting
 - Level 11.0 Polearms
 - Level 8.1 Armour
 - Level 8.1 Dodging
 - Level 2.0 Stealth
 + Level 12.4 Spellcasting
 + Level 15.9 Conjurations
 + Level 13.4 Fire Magic
 - Level 10.0 Air Magic
 - Level 6.4 Poison Magic


You had 8 spell levels left.
You knew the following spells:

 Your Spells              Type           Power        Failure   Level  Hunger
b - Iskenderun's Battles  Conj/Chrm      #####...     1%          5    ###....
c - Conjure Flame         Conj/Fire      ######..     1%          3    None
d - Bolt of Magma         Conj/Fire/Erth ######....   1%          5    ###....
f - Iskenderun's Mystic   Conj           ######..     1%          4    None
q - Poisonous Cloud       Conj/Pois/Air  ######....   3%          6    #####..
v - Fireball              Conj/Fire      ######....   1%          5    ###....
x - Throw Flame           Conj/Fire      ######       1%          2    None
z - Flame Tongue          Conj/Fire      #####        0%          1    None

Inventory:

Hand weapons
 a - the +6 glaive of the Hall of Blades (weapon) {flame, rElec rF+}
   (You bought it in a shop on level 4 of the Orcish Mines)

   It emits flame when wielded, causing extra injury to most foes and up to
   double damage against particularly susceptible opponents.
   Big, fiery blades are also staple armaments of hydra-hunters.
   It protects you from fire.
   It insulates you from electricity.
Armour
 p - a +1 hat of see invisible (worn)
 s - a +4 mottled dragon armour (worn)
 x - a +0 pair of gloves (worn)
 I - a +0 cloak (worn)
Magical devices
 e - a wand of heal wounds (8)
 f - a wand of digging (11)
 g - a wand of cold (10)
 t - a wand of disintegration (14)
 w - a wand of digging (11)
 z - a wand of fireball (5)
 H - a wand of fire (6)
 T - a wand of cold (3)
Comestibles
 c - 5 bread rations
 i - 2 beef jerkies
 k - 3 slices of pizza
 n - 6 royal jellies
 D - 36 fruits
Scrolls
 d - a scroll of teleportation
 j - 2 scrolls of identify
 r - 4 scrolls of recharging
 E - 3 scrolls of blinking
 G - 4 scrolls of remove curse
 M - a scroll of fog
 Q - a scroll of fear
Jewellery
 h - an uncursed ring of magical power
 l - a +3 ring of evasion
 u - an amulet of clarity (around neck)
 v - a ring of protection from cold (left hand)
 y - an uncursed amulet of resist mutation {unknown}
 O - an uncursed amulet of stasis
 P - a ring of the Octopus King (right hand) {SustAb AC+1 EV+1 Str+1 Dex+1 Int+1}
   (You bought it in a shop on level 4 of the Orcish Mines)

   [ring of sustain abilities]

   It sustains your strength, intelligence and dexterity.
   It affects your AC (+1).
   It affects your evasion (+1).
   It affects your strength (+1).
   It affects your intelligence (+1).
   It affects your dexterity (+1).
 S - an uncursed ring of fire
 U - a +6 ring of dexterity {unknown}
Potions
 m - a potion of heal wounds
 o - a potion of invisibility
 q - 2 potions of porridge
 A - 2 potions of agility
 C - 3 potions of might
 F - 4 potions of restore abilities
 J - 2 potions of magic
 N - 4 potions of curing
Books
 K - a book of Ice

   Spells                             Type                      Level
   Metabolic Englaciation             Hexes/Ice                    5
   Ozocubu's Refrigeration            Ice                          6
   Bolt of Cold                       Conjuration/Ice              6
   Freezing Cloud                     Conjuration/Ice/Air          6
   Simulacrum                         Ice/Necromancy               6
 R - a book of Annihilations

   Spells                             Type                      Level
   Poison Arrow                       Conjuration/Poison           6
   Chain Lightning                    Conjuration/Air              8
   Lehudib's Crystal Spear            Conjuration/Earth            8
   Glaciate                           Conjuration/Ice              9
   Fire Storm                         Conjuration/Fire             9
Magical staves
 b - an uncursed staff of fire
Miscellaneous
 B - a sack of spiders
 L - a fan of gales

▒◦░ ▒▒▒····▒▒▒▒▒·▒▒·▒
▒·▒▒▒▒N···<·▒▒·▒·▒▒··▒▒▒
░▒··▒·······▒····▒·····▒
░░▒·······>·····▒······
▒·)·▒▒········▒······
▒·▒▒▒▒········▒······
▒▒·▒▒▒(···············
▒·▒▒▒NS···············
▒▒▒·▒▒·Q·········▒▒·····
▒·(·▒▒···········▒▒▒····
▒▒▒▒···········▒▒▒▒▒▒·▒·
▒▒·········▒▒▒▒······
▒▒▒·····▒·▒▒·······▒
▒▒·▒▒▒▒▒········▒▒ ▒·▒▒
▒▒········▒ ▒·▒
▒▒·········· ▒▒▒▒
▒·········(▒


You could see a naga ritualist and a black mamba.


Message History

You feel strangely unstable.
You feel sick.
* * * LOW HITPOINT WARNING * * *
You are lethally poisoned!
The black mamba closely misses you. The naga ritualist closely misses you.
The naga ritualist constricts you.
The black mamba bites you but does no damage.
Unknown command.
Drink which item? (? for menu, Esc to quit)
You feel much better.
* * * LOW HITPOINT WARNING * * *
You feel very sick.
* * * LOW HITPOINT WARNING * * *
You are more poisoned.
The black mamba misses you.
The naga ritualist casts a spell at you.
The poison in your body grows stronger. You resist.
* * * LOW HITPOINT WARNING * * *
The naga ritualist constricts you. The black mamba bites you.
* * * LOW HITPOINT WARNING * * *
Drink which item? (? for menu, Esc to quit)
You feel better.
* * * LOW HITPOINT WARNING * * *
You are lethally poisoned!
The naga ritualist's toxic aura wanes.
The black mamba bites you but does no damage.
The naga ritualist hits you with a dagger of venom.
* * * LOW HITPOINT WARNING * * *
You are more poisoned.
The naga ritualist constricts you. The black mamba bites you!
You die...

Action                   |  1- 3 |  4- 6 |  7- 9 | 10-12 | 13-15 | 16-18 || total
-------------------------+-------+-------+-------+-------+-------+-------++-------
Melee: Mace              |    33 |       |       |       |       |       ||    33
       Dagger            |     2 |    31 |     2 |       |       |       ||    35
       Whip              |       |       |    17 |       |       |       ||    17
       Falchion          |       |       |    33 |   132 |    41 |       ||   206
       Staff             |       |       |       |       |   130 |     7 ||   137
       Glaive            |       |       |       |       |    77 |   102 ||   179
 Fire: Blowgun           |       |       |       |     5 |       |       ||     5
Throw: Stone             |    30 |       |       |       |       |       ||    30
       Tomahawk          |     8 |     1 |       |       |       |       ||     9
 Cast: Flame Tongue      |    54 |    54 |   230 |   310 |   279 |     2 ||   929
       Throw Flame       |     1 |    51 |   147 |   135 |   107 |       ||   441
       Conjure Flame     |       |     3 |    16 |    15 |    14 |       ||    48
       Magic Dart        |       |       |    10 |       |       |       ||    10
       Fireball          |       |       |     2 |    79 |   463 |   181 ||   725
       Iskenderun's Myst |       |       |       |    41 |   125 |    43 ||   209
       Bolt of Magma     |       |       |       |    33 |       |       ||    33
       Iskenderun's Batt |       |       |       |     5 |    11 |     5 ||    21
       Poisonous Cloud   |       |       |       |       |     2 |       ||     2
 Abil: Fly               |       |       |     1 |     6 |     5 |       ||    12
Evoke: Wand              |       |       |     1 |     7 |    11 |     2 ||    21
  Use: Scroll            |     2 |     6 |     9 |    14 |    21 |     3 ||    55
       Potion            |       |       |     3 |     6 |     7 |     5 ||    21
 Stab: Sleeping          |     1 |     2 |       |     1 |       |       ||     4
  Eat: Chunk             |     3 |     6 |    13 |    31 |    66 |    15 ||   134
       Bread ration      |       |     1 |       |     4 |    11 |     4 ||    20
       Fruit             |       |     1 |     1 |     3 |     3 |       ||     8
       Meat ration       |       |       |     1 |     2 |       |       ||     3
       Pizza             |       |       |     1 |       |     1 |     1 ||     3
       Beef jerky        |       |       |       |     1 |     4 |     3 ||     8
       Royal jelly       |       |       |       |     1 |       |       ||     1

Vault maps used:
D:1:      co_arrival_square_in_a_square_in_a_square
D:2:      grunt_temple_overflow_growth_and_decay
D:3:      kennysheep_goblin_castle, first_bread, yredelemnul_altar_generic
D:4:      minmay_temple_entry_overgrown, serial_shops, shop,
          gup_sewer_entry_glass, baited_tele_trap
D:5:      tgw_xom, overflow_temple_1_default, basic_altar, uniq_edmund
D:6:      lemuel_crystal_altar, minitemple, serial_shops, shop,
          hangedman_abyss_or_decor_lesser_grid, zaba_anthole
D:7:      nicolae_overflow_hidden_temple
D:8:      dpeg_oklobed_lair
D:9:      erik_orc_1, uniq_joseph
D:10:     hangedman_pestilent_swarm, uniq_urug
D:11:     minivault_23
D:12:     orc_0_dummy, st_stairs_3
D:13:     hangedman_incinerator, uniq_sonja, uniq_fannar
D:14:     grunt_vaults_entry_tiered, serial_bayou_lagoon_a, minivault_22,
          stair_cage_cross, elyvilon_altar_3, uniq_azrael, uniq_roxanne
D:15:     gammafunk_depths_entry_grave, grunt_decor_fettered,
          corexii_leaking_fountain, minmay_misc_feat_x,
          small_statue_intersection, uniq_nessos
Temple:   corrupted_temple
Orc:2:    basic_altar, serial_shops, shop
Orc:3:    nicolae_orc_accident_2, serial_shops, nicolae_shop_behind_doors,
          nicolae_orc_pool_cavern
Orc:4:    st_orc_congregation, nicolae_orc_bridge_out
Lair:1:   grunt_forest_large_clearings
Lair:2:   serial_bayou_shore_a, grunt_megastairs_5
Lair:3:   guppyfry_snake_entry_island, lab_entry_generic, grunt_megastairs_4,
          uniq_snorg
Lair:4:   minmay_shoals_entry_beasts, beast_lair_carwin_1, lemuel_fruit_fields,
          lemuel_fruit_fields, uniq_rupert
Lair:5:   nicolae_spider_entry_tight_spaces, basic_altar
Lair:7:   pond
Lair:8:   grunt_lair_end_beastmaster, dpeg_slime_entry_corner, enter_volcano_3,
          minivault_11, uniq_nergalle
Snake:2:  portal_ice_cave_entry_imps, nrook_loot_triangle
IceCv:    ice_cave_caverns_03

Notes
Turn   | Place    | Note
--------------------------------------------------------------
     0 | D:1      | MackTheKnife, the Tengu Fire Elementalist, began the quest for the Orb.
     0 | D:1      | Reached XP level 1. HP: 10/10 MP: 3/3
   114 | D:1      | Reached skill level 2 in Conjurations
   227 | D:1      | Reached XP level 2. HP: 15/15 MP: 3/5
   231 | D:1      | Learned a level 2 spell: Throw Flame
  1130 | D:2      | Reached skill level 4 in Fire Magic
  1130 | D:2      | Reached XP level 3. HP: 7/19 MP: 0/7
  1315 | D:2      | Learned a level 3 spell: Conjure Flame
  1388 | D:2      | Reached skill level 3 in Conjurations
  1877 | D:2      | Reached XP level 4. HP: 12/24 MP: 8/8
  2042 | D:2      | Found an ancient bone altar of Kikubaaqudgha.
  2048 | D:2      | Found a blossoming altar of Fedhas.
  2424 | D:3      | Reached skill level 4 in Conjurations
  2566 | D:3      | Found a basalt altar of Yredelemnul.
  2571 | D:3      | Noticed an ogre
  3079 | D:3      | Noticed Ijyb
  3113 | D:3      | Killed Ijyb
  3113 | D:3      | Reached XP level 5. HP: 28/28 MP: 11/11
  3340 | D:3      | Killed an ogre
  3340 | D:3      | Reached skill level 5 in Conjurations
  3340 | D:3      | Reached skill level 5 in Fire Magic
  3500 | D:4      | Reached XP level 6. HP: 32/32 MP: 13/13
  3572 | D:4      | Found a staircase to the Ecumenical Temple.
  3581 | Temple   | Entered the Ecumenical Temple
  3598 | Temple   | Became a worshipper of Vehumet
  3769 | D:4      | Reached skill level 3 in Spellcasting
  4264 | D:4      | Noticed an ogre
  4275 | D:4      | Killed an ogre
  4275 | D:4      | Reached skill level 6 in Conjurations
  4275 | D:4      | Reached XP level 7. HP: 36/36 MP: 14/17
  4336 | D:4      | Found Shroef's Assorted Antiques.
  4344 | D:4      | Bought a scroll labeled THEIKKEGESH for 25 gold pieces
  4352 | D:4      | Learned a level 5 spell: Fireball
  5262 | D:5      | Entered Level 5 of the Dungeon
  5278 | D:5      | Acquired Vehumet's first power
  5278 | D:5      | Offered knowledge of Magic Dart by Vehumet.
  5286 | D:5      | Reached skill level 4 in Spellcasting
  5286 | D:5      | Reached skill level 6 in Fire Magic
  5590 | D:5      | Learned a level 1 spell: Magic Dart
  5699 | D:5      | Found a shimmering altar of Xom.
  5871 | D:5      | Noticed Edmund
  5887 | D:5      | Killed Edmund
  5887 | D:5      | Reached skill level 7 in Conjurations
  5887 | D:5      | Reached XP level 8. HP: 19/41 MP: 17/20
  6155 | D:5      | Found a blossoming altar of Fedhas.
  6260 | D:5      | Found a bloodstained altar of Trog.
  6534 | D:6      | Found a glowing silver altar of Zin.
  6657 | D:6      | Reached skill level 5 in Spellcasting
  6657 | D:6      | Reached skill level 7 in Fire Magic
  6854 | D:6      | Offered knowledge of Searing Ray by Vehumet.
  6902 | D:6      | Reached skill level 8 in Conjurations
  7141 | D:6      | Found Uximub's Jewellery Shoppe.
  7289 | D:6      | Found a snail-covered altar of Cheibriados.
  7290 | D:6      | Found a shattered altar of Ashenzari.
  7291 | D:6      | Found a stormy altar of Qazlal.
  7292 | D:6      | Found a deep blue altar of Sif Muna.
  7454 | D:6      | Reached XP level 9. HP: 41/45 MP: 18/23
  7461 | D:6      | Reached skill level 6 in Spellcasting
  7461 | D:6      | Reached skill level 8 in Fire Magic
  7849 | D:6      | Offered knowledge of Dazzling Spray by Vehumet.
  7849 | D:6      | Reached skill level 9 in Conjurations
  8027 | D:6      | Acquired Vehumet's second power
  8719 | D:7      | Reached skill level 1 in Fighting
  8926 | D:7      | Reached skill level 2 in Fighting
  8953 | D:7      | Found an iron altar of Okawaru.
  9131 | D:7      | Reached skill level 3 in Fighting
  9212 | D:7      | Reached skill level 4 in Fighting
  9676 | D:7      | Reached skill level 5 in Fighting
  9770 | D:8      | Offered knowledge of Iskenderun's Mystic Blast by Vehumet.
  9776 | D:8      | Learned a level 4 spell: Iskenderun's Mystic Blast
  9980 | D:8      | Reached XP level 10. HP: 58/60 MP: 25/25
 10097 | D:8      | Found a staircase to the Lair.
 10159 | D:8      | Reached skill level 6 in Fighting
 10728 | D:8      | Reached skill level 7 in Fighting
 11190 | D:9      | Acquired Vehumet's third power
 11306 | D:9      | Got a black opal-encrusted scale mail
 11620 | D:9      | Reached skill level 8 in Fighting
 11710 | D:9      | Offered knowledge of Bolt of Magma by Vehumet.
 11752 | D:9      | Learned a level 5 spell: Bolt of Magma
 12070 | D:9      | Reached skill level 9 in Fighting
 12428 | D:9      | Noticed Joseph
 12431 | D:9      | Killed Joseph
 12431 | D:9      | Reached skill level 10 in Fighting
 12477 | D:9      | Reached XP level 11. HP: 59/73 MP: 4/27
 12667 | D:9      | Found a staircase to the Orcish Mines.
 12681 | D:9      | the staircase to the Orcish Mines was a mimic.
 12691 | D:9      | Reached skill level 11 in Fighting
 13098 | D:6      | Bought an uncursed amulet of clarity for 300 gold pieces
 13113 | D:6      | Identified the +0 scale mail of Schusuni {+Inv} (You found it on level 9 of the Dungeon)
 13202 | Lair:1   | Entered Level 1 of the Lair of Beasts
 13559 | Lair:1   | Reached skill level 3 in Dodging
 14671 | Lair:2   | Reached skill level 4 in Dodging
 14929 | Lair:2   | Reached skill level 5 in Dodging
 15215 | Lair:2   | Reached skill level 6 in Dodging
 15992 | Lair:3   | Noticed Snorg
 16346 | Lair:3   | Offered knowledge of Iskenderun's Battlesphere by Vehumet.
 16346 | Lair:3   | Reached skill level 7 in Dodging
 16658 | Lair:3   | Reached skill level 8 in Dodging
 16761 | Lair:4   | Reached skill level 9 in Fire Magic
 16985 | Lair:4   | Reached skill level 10 in Conjurations
 16989 | Lair:4   | Reached skill level 7 in Spellcasting
 17291 | Lair:4   | Reached XP level 12. HP: 80/80 MP: 28/28
 17302 | Lair:4   | Noticed Rupert
 17417 | Lair:4   | Found a staircase to the Shoals.
 17711 | Lair:4   | Reached skill level 11 in Conjurations
 17828 | Lair:4   | Paralysed by Rupert for 5 turns
 18154 | Lair:5   | Reached skill level 10 in Fire Magic
 18167 | Lair:5   | Reached skill level 8 in Spellcasting
 18288 | Lair:5   | Found a hole to the Spider Nest.
 18521 | Lair:5   | Found a radiant altar of Vehumet.
 18932 | Lair:5   | the hole to the Spider Nest was a mimic.
 19147 | Lair:5   | Learned a level 5 spell: Iskenderun's Battlesphere
 19358 | Lair:6   | Offered knowledge of Throw Icicle by Vehumet.
 19360 | Lair:6   | Noticed a death yak
 19594 | Lair:6   | Noticed a death yak
 19609 | Lair:6   | Killed a death yak
 19609 | Lair:6   | Reached skill level 12 in Conjurations
 20083 | Lair:6   | Noticed a death yak
 20088 | Lair:6   | Noticed a death yak
 20088 | Lair:6   | Noticed a death yak
 20090 | Lair:6   | Killed a death yak
 20091 | Lair:6   | Noticed a death yak
 20093 | Lair:6   | Noticed a death yak
 20094 | Lair:6   | Killed a death yak
 20094 | Lair:6   | Reached skill level 9 in Spellcasting
 20094 | Lair:6   | Reached skill level 11 in Fire Magic
 20102 | Lair:6   | Noticed a seven-headed hydra
 20102 | Lair:6   | Killed a death yak
 20102 | Lair:6   | Reached XP level 13. HP: 84/84 MP: 25/31
 20106 | Lair:6   | Killed a death yak
 20125 | Lair:5   | Killed a death yak
 20510 | Lair:6   | Killed a seven-headed hydra
 20510 | Lair:6   | Reached skill level 13 in Conjurations
 21510 | Lair:8   | Entered Level 8 of the Lair of Beasts
 21699 | Lair:7   | Reached skill level 10 in Spellcasting
 21909 | Lair:7   | Reached skill level 12 in Fire Magic
 22529 | Lair:8   | Reached skill level 14 in Conjurations
 22930 | Lair:8   | Learned a level 6 spell: Poisonous Cloud
 22946 | Lair:8   | Noticed Nergalle
 22951 | Lair:8   | Killed Nergalle
 22951 | Lair:8   | Reached skill level 2 in Air Magic
 23000 | Lair:8   | Reached skill level 3 in Air Magic
 23071 | Lair:8   | Found a staircase to the Slime Pits.
 23097 | Lair:8   | Reached skill level 4 in Air Magic
 23100 | Lair:8   | Reached skill level 5 in Air Magic
 23102 | Lair:8   | Reached skill level 6 in Air Magic
 23253 | Lair:8   | Reached XP level 14. HP: 78/90 MP: 25/33
 23384 | Lair:8   | Reached skill level 1 in Poison Magic
 23733 | Lair:8   | Reached skill level 7 in Air Magic
 23733 | Lair:8   | Reached skill level 2 in Poison Magic
 23989 | Lair:8   | Reached skill level 3 in Poison Magic
 24004 | Lair:8   | Reached skill level 8 in Air Magic
 24271 | Lair:8   | Reached skill level 4 in Poison Magic
 24746 | D:10     | Entered Level 10 of the Dungeon
 24758 | D:10     | Reached skill level 9 in Air Magic
 24788 | D:10     | Noticed Urug
 24796 | D:10     | Killed Urug
 25027 | D:10     | Reached skill level 5 in Poison Magic
 25740 | D:10     | Offered knowledge of Bolt of Draining by Vehumet.
 26302 | D:11     | Reached skill level 6 in Poison Magic
 27416 | D:12     | Found a staircase to the Orcish Mines.
 27738 | Orc:1    | Entered Level 1 of the Orcish Mines
 27748 | Orc:1    | Offered knowledge of Venom Bolt by Vehumet.
 28184 | Orc:2    | Found Plawig's Book Shoppe.
 28201 | Orc:2    | Reached skill level 10 in Air Magic
 28229 | Orc:2    | Found a roughly hewn altar of Beogh.
 28511 | Orc:3    | Found a roughly hewn altar of Beogh.
 28749 | Orc:3    | Found Xoomym's Antique Armour Shop.
 28752 | Orc:3    | Bought an encrusted cloak for 218 gold pieces
 28763 | Orc:3    | Identified the cursed -3 cloak of Gosaobamn {rPois} (You bought it in a shop on level 3 of the Orcish Mines)
 29247 | Orc:3    | Reached skill level 1 in Armour
 29526 | Orc:4    | Entered Level 4 of the Orcish Mines
 29527 | Orc:4    | Found a staircase to the Elven Halls.
 29536 | Orc:4    | Offered knowledge of Conjure Ball Lightning by Vehumet.
 29990 | Orc:4    | Reached skill level 2 in Armour
 30372 | Orc:4    | Reached skill level 3 in Armour
 30538 | Orc:4    | Reached skill level 4 in Armour
 30716 | Orc:4    | Noticed an orc warlord
 30723 | Orc:4    | Killed an orc warlord
 30723 | Orc:4    | Reached skill level 5 in Armour
 31083 | Orc:4    | Reached skill level 6 in Armour
 31083 | Orc:4    | Reached XP level 15. HP: 73/95 MP: 29/34
 31288 | Orc:3    | Offered knowledge of Freezing Cloud by Vehumet.
 31418 | Orc:4    | Reached skill level 7 in Armour
 31643 | Orc:4    | Found Klurr's Antique Armour Shoppe.
 31645 | Orc:4    | Found Uhikas' Antique Weapon Emporium.
 31646 | Orc:4    | Found Vealeung's General Store.
 31646 | Orc:4    | Found Klext's Jewellery Shoppe.
 31652 | Orc:4    | Bought a ring of the Octopus King {SustAb AC+1 EV+1 Str+1 Dex+1 Int+1} for 627 gold pieces
 31664 | Orc:4    | Bought a heavy robe for 182 gold pieces
 31677 | Orc:4    | Identified the cursed +0 robe of the Engineer {Str-5 Dex+2} (You bought it in a shop on level 4 of the Orcish Mines)
 31691 | Orc:4    | Bought a polished glaive for 437 gold pieces
 31692 | Orc:4    | Identified the +6 glaive of the Hall of Blades {flame, rElec rF+} (You bought it in a shop on level 4 of the Orcish Mines)
 32164 | D:12     | Reached skill level 8 in Armour
 32265 | Lair:1   | Upgraded the game from 0.15.0-23-gc2b521c to 0.15.0-25-gd84c1e8
 32528 | D:13     | Noticed Fannar
 32531 | D:13     | Killed Fannar
 32531 | D:13     | Reached skill level 1 in Polearms
 32533 | D:13     | Noticed Sonja
 32534 | D:13     | Killed Sonja
 32534 | D:13     | Reached skill level 2 in Polearms
 33009 | D:13     | Reached skill level 3 in Polearms
 33456 | D:14     | Reached skill level 4 in Polearms
 33661 | D:14     | Reached skill level 5 in Polearms
 33996 | D:14     | Reached skill level 6 in Polearms
 34002 | D:14     | Paralysed by a wizard for 4 turns
 34099 | D:13     | Reached skill level 7 in Polearms
 34291 | D:14     | Found a gate to the Vaults.
 34353 | D:14     | Reached skill level 8 in Polearms
 34489 | D:14     | Noticed Roxanne
 34954 | D:14     | Noticed Azrael
 34963 | D:14     | Killed Azrael
 34963 | D:14     | Reached skill level 9 in Polearms
 34969 | D:14     | Offered knowledge of Poison Arrow by Vehumet.
 35139 | D:14     | Found a white marble altar of Elyvilon.
 35483 | D:15     | Entered Level 15 of the Dungeon
 35616 | D:15     | Reached skill level 10 in Polearms
 35627 | D:15     | Noticed Nessos
 35650 | D:15     | Killed Nessos
 35839 | D:15     | Found a staircase to the Depths.
 36245 | D:15     | Reached skill level 11 in Polearms
 36245 | D:15     | Reached XP level 16. HP: 53/100 MP: 23/35
 36979 | D:14     | Reached skill level 11 in Spellcasting
 38108 | Lair:3   | Found a staircase to the Snake Pit.
 38618 | Lair:3   | Killed Snorg
 39084 | Snake:1  | Entered Level 1 of the Snake Pit
 39135 | Snake:1  | Offered knowledge of Fire Storm by Vehumet.
 39135 | Snake:1  | Offered knowledge of Shatter by Vehumet.
 39135 | Snake:1  | Offered knowledge of Tornado by Vehumet.
 39486 | Snake:1  | Reached skill level 15 in Conjurations
 40715 | Snake:2  | Found a frozen archway.
 40741 | IceCv    | Entered an ice cave
 40893 | IceCv    | Got a blackened greatsling
 40896 | IceCv    | Identified the +7 greatsling of Offence {speed, Contam +Blink +Inv rElec rF++} (You found it in an ice cave)
 40902 | IceCv    | Gained mutation: Your vision is a little blurry. [mutagenic glow]
 41036 | IceCv    | Reached skill level 12 in Spellcasting
 41515 | IceCv    | Noticed an Ice Fiend
 41524 | IceCv    | Reached skill level 13 in Fire Magic
 41539 | IceCv    | Killed an Ice Fiend
 42984 | Snake:2  | HP: 5/100 [naga ritualist/Olgreb's Toxic Radiance (18)]
 42984 | Snake:2  | Slain by a black mamba

Vanquished Creatures
  An Ice Fiend (IceCv)
  A greater naga (Snake:2)
  An orc warlord (Orc:4)
  Azrael (D:14)
  Snorg (Lair:3)
  3 vault guards (D:14)
  A very ugly thing skeleton (D:15)
  Fannar (D:13)
  An ogre mage (D:15)
  2 naga warriors (Snake:1)
  4 hydras
  Nessos (D:15)
  4 anacondas
  An anaconda (shapeshifter) (D:13)
  2 centaur warriors
  2 shock serpents (Snake:1)
  A tengu warrior (D:14)
  15 death yaks
  A vampire mage (D:15)
  A deep troll shaman (Lair:8)
  2 naga sharpshooters (Snake:2)
  Urug (D:10)
  4 orc high priests (Orc:4)
  2 catoblepae
  Nergalle (Lair:8)
  A wizard (D:14)
  3 unseen horrors
  A skeletal warrior (D:15)
  5 ice devils (IceCv)
  A naga ritualist (Snake:2)
  An ice statue (IceCv)
  2 hill giants
  5 orc knights
  3 necromancers
  A cyclops (D:10)
  14 ugly things
  4 salamanders
  2 griffons
  5 manticores
  3 orc sorcerers (Orc:4)
  A stone giant skeleton (D:15)
  A fire giant skeleton (D:15)
  9 elephants
  13 black mambas
  Joseph (D:9)
  10 spiny frogs
  4 naga magi
  A gargoyle (D:14)
  A torpor snail (Lair:6)
  2 feature mimics
  A centaur skeleton (D:13)
  A yaktaur (D:14)
  An anaconda simulacrum (IceCv)
  A golden dragon simulacrum (IceCv)
  8 fire drakes
  A harpy zombie (D:15)
  A guardian mummy (D:15)
  6 komodo dragons
  4 polar bears
  6 trolls
  2 tengu conjurers
  A kobold demonologist (D:15)
  4 freezing wraiths (IceCv)
  A blue devil (IceCv)
  Sonja (D:13)
  3 two-headed ogres (D:15)
  A catoblepas zombie (D:15)
  A slime creature (shapeshifter) (D:15)
  2 fire vortices (D:13)
  9 slime creatures
  5 ravens
  2 griffon zombies
  A shadow (D:15)
  A wyvern (D:9)
  3 basilisks
  2 hungry ghosts
  29 yaks
  2 steam dragons
  A vampire (D:14)
  2 wraiths
  2 dire elephant simulacra (IceCv)
  A trapdoor spider (D:10)
  4 fire bats (D:13)
  2 deep elf magi (D:15)
  2 fire elementals (D:14)
  15 hippogriffs
  18 humans (D:14)
  2 raven zombies (D:15)
  A death yak simulacrum (IceCv)
  3 hydra simulacra (IceCv)
  6 vampire mosquitoes
  4 iron troll simulacra (IceCv)
  3 soldier ants
  Edmund (D:5)
  11 wolves
  13 nagas
  8 porcupines
  3 harpy simulacra (IceCv)
  2 wargs (Orc:2)
  3 hell hounds
  3 sky beasts
  2 mottled dragons
  18 water moccasins
  3 black bears
  10 centaurs
  11 spiders
  7 ice beasts
  3 yellow wasps
  13 ogres
  An ettin simulacrum (IceCv)
  32 orc warriors
  5 phantoms
  2 swamp drakes
  An alligator simulacrum (IceCv)
  A manticore skeleton (D:14)
  A boring beetle (D:10)
  3 big kobolds
  A brain worm (Lair:8)
  12 crocodiles
  17 giant frogs
  A wyvern zombie (D:11)
  A cyclops zombie (D:12)
  6 scorpions
  11 killer bees
  A yak zombie (D:11)
  A tengu skeleton (D:12)
  A hippogriff skeleton (D:8)
  An eye of draining (D:13)
  A troll skeleton (D:8)
  8 wights
  3 goliath beetles
  5 jellies
  2 lava snakes (D:13)
  8 crimson imps
  31 orc wizards
  34 orc priests
  A giant frog skeleton (D:9)
  2 giant frog zombies
  13 hounds
  10 iguanas
  4 troll simulacra (IceCv)
  A human skeleton (D:14)
  15 worker ants
  2 wolf simulacra (IceCv)
  2 ogre zombies
  19 sheep
  Ijyb (D:3)
  4 centaur simulacra (IceCv)
  An ogre skeleton (D:7)
  A hound zombie (D:10)
  A mottled dragon skeleton (D:13)
  A mummy (D:11)
  A naga simulacrum (IceCv)
  28 adders
  2 ogre simulacra (IceCv)
  3 gnolls (D:6)
  54 green rats
  4 shadow imps
  16 white imps
  2 worms
  6 ufetubi (IceCv)
  4 giant geckos
  2 oozes (D:5)
  178 orcs
  A ball python (D:1)
  16 bats
  A bat skeleton (D:7)
  36 goblins
  23 hobgoblins
  18 jackals
  26 kobolds
  A ball python skeleton (D:5)
  10 giant cockroaches
  3 giant newts
  3 giant spores
  A gnoll skeleton (D:6)
  A hobgoblin zombie (D:6)
  3 orc skeletons
  An orc zombie (D:6)
  13 quokkas
  A quokka skeleton (D:7)
  12 rats
  A rat skeleton (D:4)
  7 ballistomycetes
  A bush (Lair:7)
  A butterfly (Lair:4)
  3 fungi
  9 plants
1187 creatures vanquished.

Vanquished Creatures (others)
  A fire vortex (D:13)
  12 fungi
  4 plants
17 creatures vanquished.

Grand Total: 1204 creatures vanquished
